 Dungeon Crawl Stone Soup version 0.22.1-6-g1668fe2c40 (webtiles) character file.

725 Descartes the Grave Robber (level 7, -1/32 HPs)
             Began as a Vine Stalker Wanderer on Jan 22, 2019.
             Was an Initiate of Dithmenos.
             Slain by a mummy (9 damage)
             ... in an ossuary.
             The game lasted 00:20:50 (4321 turns).

Descartes the Grave Robber (Vine Stalker Wanderer)  Turns: 4321, Time: 00:20:51

Health: -1/32      AC:  9    Str: 18    XL:     7   Next: 71%
Magic:  0/13       EV: 11    Int: 15    God:    Dithmenos [......]
Gold:   140        SH:  0    Dex: 13    Spells: 4/13 levels left

rFire    . . .     SeeInvis .   a - +2 dagger (drain)
rCold    . . .     Gourm    .   (no shield)
rNeg     . . .     Faith    .   y - +3 ring mail of the Original Sin {Str+4}
rPois    .         Spirit   +   C - +1 hat
rElec    .         Reflect  .   (no cloak)
rCorr    .         Harm     .   (no gloves)
MR       .....                  (no boots)
Stlth    +.........             (no amulet)
HPRegen  0.50/turn              (no ring)
MPRegen  0.13/turn              (no ring)

@: no status effects
A: fangs 2, regeneration 1, magic shield, antimagic bite, no potion heal 3, rot
immunity
a: Renounce Religion


You were in an ossuary.
You worshipped Dithmenos.
Dithmenos was noncommittal.
You were near starving.

You visited 2 branches of the dungeon, and saw 6 of its levels.
You also visited: Ossuary.

You collected 140 gold pieces.

Inventory:

Hand Weapons
 a - a +2 dagger of draining (weapon)
 b - a +0 hunting sling
 e - a +0 club
 i - a +0 shortbow
 m - a +3 mace
Missiles
 c - 127 stones
 g - 15 poisoned needles (quivered)
 j - 66 arrows
 s - 51 bolts
 v - 10 sling bullets
Armour
 d - a +0 robe
 q - a +0 helmet
 t - a +0 leather armour
 y - the +3 ring mail of the Original Sin (worn) {Str+4}
   (You found it on level 4 of the Dungeon)

   It affects your strength (+4).
 C - a +1 hat (worn)
 E - a +0 shield
Scrolls
 h - 7 scrolls of remove curse
 k - a scroll of fog {unknown}
 o - 4 scrolls of identify {unknown}
 r - a scroll of noise {unknown}
 x - a scroll of enchant armour {unknown}
 z - 3 scrolls of teleportation {unknown}
 B - a scroll of enchant weapon {unknown}
 D - a scroll of random uselessness {unknown}
Potions
 l - 2 potions of curing
 n - a potion of degeneration {unknown}
 p - a potion of lignification {unknown}
 u - a potion of flight {unknown}
 w - a potion of ambrosia {unknown}
 A - 2 potions of heal wounds {unknown}
Comestibles
 f - 10 rations


   Skills:
 + Level 1.5 Short Blades
 - Level 1.0 Maces & Flails
 - Level 1.0 Throwing
 - Level 1.5 Armour
 + Level 1.5 Dodging
 + Level 2.8 Stealth
 * Level 1.4 Shields
 * Level 2.8 Unarmed Combat
 * Level 3.8 Spellcasting
 * Level 2.8 Conjurations
 * Level 4.4 Necromancy
 * Level 2.7 Air Magic


You had 4 spell levels left.
You knew the following spells:

 Your Spells              Type           Power        Failure   Level  Hunger
a - Shock                 Conj/Air       ##..         11%         1    None
b - Magic Dart            Conj           ##..         11%         1    None
c - Pain                  Necr           ###.         5%          1    None
d - Vampiric Draining     Necr           ###.......   16%         3    ###....
e - Regeneration          Chrm/Necr      #.........   38%         3    ###....

Your spell library contained the following spells:

 Spells                   Type           Power        Failure   Level  Hunger
 Animate Skeleton         Necr           N/A          5%          1    None
 Mephitic Cloud           Conj/Pois/Air  #.......     43%         3    ###....
 Blink                    Tloc           N/A          45%         2    ##.....
 Call Imp                 Summ           #.......     45%         2    ##.....
 Slow                     Hex            #.......     45%         2    ##.....
 Animate Dead             Necr           N/A          47%         4    ####...
 Conjure Flame            Conj/Fire      #.......     50%         3    ###....


Dungeon Overview and Level Annotations

Branches:
Dungeon (5/15)             Temple (1/1) D:4

Altars:
Ashenzari
Cheibriados
Dithmenos
Elyvilon
Gozag
Hepliaklqana
Makhleb
Nemelex Xobeh
Okawaru
Qazlal
Ru
Trog
Uskayaw
Vehumet
Wu Jian
Xom
The Shining One


Innate Abilities, Weirdness & Mutations

You have extremely sharp teeth.
Your natural rate of healing is unusually fast.
When hurt, damage is shared between your health and your magic reserves.
Your bite disrupts and absorbs the magic of your enemies.
Potions cannot restore your health.
You are immune to rotting.


Message History

The kobold zombie hits you but does no damage.
The hobgoblin zombie barely misses you.
You closely miss the kobold zombie. Your bite misses the kobold zombie.
The kobold zombie is moderately damaged.
The big kobold zombie closely misses you.
You barely miss the mummy. Your bite misses the mummy.
The hobgoblin zombie hits you but does no damage.
The big kobold zombie closely misses you.
You hit the hobgoblin zombie but do no damage.
The mummy closely misses you. The hobgoblin zombie hits you.
The big kobold zombie hits you but does no damage.
You hit the hobgoblin zombie but do no damage.
Your bite misses the hobgoblin zombie. The mummy hits you.
* * * LOW HITPOINT WARNING * * *
The hobgoblin zombie misses you.
You hit the hobgoblin zombie. Your bite misses the hobgoblin zombie.
The hobgoblin zombie is moderately damaged.
The big kobold zombie closely misses you.
The mummy hits you!
You die...

..............#
#........#
#......#
##....## #....#
#....# #.Z..#
#ZMZ.# #.@MM#
#....# #....#
#.∩∩.# ######


You could see 3 mummies, a hobgoblin zombie, a kobold zombie and a big kobold
zombie.

Vanquished Creatures
  An ice beast (D:5)
  A centaur (D:5)
  A scorpion (D:4)
  2 orc priests (D:4)
  An iguana (D:3)
  3 orc wizards (D:4)
  2 worker ants
  4 mummies
  Robin (D:2)
  3 gnolls (D:2)
  5 adders
  A shadow imp (D:4)
  An ooze (D:2)
  An adder skeleton (D:4)
  3 worms
  6 dart slugs
  6 leopard geckos
  11 orcs
  5 giant cockroaches
  12 hobgoblins
  5 jackals
  3 quokkas
  3 ball pythons
  9 bats
  7 frilled lizards
  A gnoll zombie (Ossuary)
  12 goblins
  5 hobgoblin zombies
  6 kobolds
  A kobold zombie (Ossuary)
  A quokka zombie (D:5)
  7 rats
130 creatures vanquished.

Notes
Turn   | Place    | Note
-------+----------+-------------------------------------------
     0 | D:1      | Descartes the Vine Stalker Wanderer began the quest for the
                  | Orb.
     0 | D:1      | Descartes set off with: a +0 robe, a +0 club, a ration
     0 | D:1      | Reached XP level 1. HP: 9/9 MP: 4/4
     2 | D:1      | Learned a level 1 spell: Shock
     4 | D:1      | Learned a level 1 spell: Magic Dart
   432 | D:1      | Reached XP level 2. HP: 13/13 MP: 4/6
   435 | D:1      | Learned a level 1 spell: Pain
   965 | D:1      | Reached XP level 3. HP: 12/16 MP: 7/7
  1051 | D:1      | Reached skill level 1 in Conjurations
  1552 | D:2      | Reached skill level 1 in Unarmed Combat
  1704 | D:2      | Reached skill level 1 in Stealth
  1704 | D:2      | Reached skill level 1 in Air Magic
  1766 | D:2      | Noticed Robin
  1779 | D:2      | Gained mutation: Your natural rate of healing is unusually
                  | fast. [Vine Stalker growth]
  1779 | D:2      | Reached XP level 4. HP: 15/21 MP: 8/8
  1805 | D:2      | Killed Robin
  1911 | D:2      | Found an ornate altar of the Wu Jian Council.
  2043 | D:2      | Reached XP level 5. HP: 4/24 MP: 1/10
  2205 | D:2      | Found a sparkling altar of Nemelex Xobeh.
  2359 | D:2      | Learned a level 3 spell: Vampiric Draining
  2403 | D:3      | Found a sacrificial altar of Ru.
  3058 | D:3      | Reached skill level 1 in Dodging
  3095 | D:4      | Learned a level 3 spell: Regeneration
  3139 | D:4      | Reached XP level 6. HP: 28/28 MP: 11/11
  3159 | D:4      | Got a steaming ring mail
  3170 | D:4      | Identified the +3 ring mail of the Original Sin {Str+4}
                  | (You found it on level 4 of the Dungeon)
  3201 | D:4      | Found a staircase to the Ecumenical Temple.
  3367 | D:4      | Reached skill level 1 in Short Blades
  3414 | D:4      | Reached skill level 4 in Necromancy
  3501 | D:4      | Reached XP level 7. HP: 20/32 MP: 8/13
  3791 | D:4      | Found a hide-covered altar of Uskayaw.
  3869 | D:5      | Entered Level 5 of the Dungeon
  4000 | Temple   | Entered the Ecumenical Temple
  4008 | Temple   | Became a worshipper of Dithmenos the Shadowed
  4233 | D:5      | Found a sand-covered staircase.
  4244 | Ossuary  | Entered an ossuary
  4306 | Ossuary  | HP: 1/32 [mummy (2)]
  4321 | Ossuary  | Slain by a mummy

Skill      XL: |  1  2  3  4  5  6 |
---------------+-------------------+-----
Conjurations   | 1 2 |  2.8
Unarmed Combat | 1 2 |  2.8
Stealth        | 1 2 |  2.8
Air Magic      | 1 2 |  2.7
Spellcasting   | 3 |  3.8
Dodging        | 1 |  1.5
Short Blades   | 1 |  1.5
Necromancy     | 4 |  4.4
Maces & Flails | |  1.0
Throwing       | |  1.0
Armour         | |  1.5
Shields        | |  1.4

Action                   |  1- 3 |  4- 6 |  7- 9 || total
-------------------------+-------+-------+-------++-------
Melee: Club              |    19 |       |       ||    19
       Bite              |    15 |    70 |    32 ||   117
       Unarmed           |    15 |       |       ||    15
       Dagger            |    50 |   227 |    89 ||   366
       Punch             |       |     1 |     3 ||     4
 Fire: Hunting sling     |    41 |    11 |       ||    52
 Cast: Shock             |     4 |     6 |       ||    10
       Magic Dart        |     1 |       |       ||     1
       Regeneration      |       |       |     1 ||     1
  Use: Scroll            |       |     1 |       ||     1
       Potion            |       |       |     1 ||     1
 Stab: Sleeping          |     2 |     3 |     4 ||     9
  Eat: Chunk             |     3 |     6 |     1 ||    10
Armor: Robe              |    13 |    20 |       ||    33
       Ring mail         |       |    26 |    31 ||    57
       Skin              |       |       |     1 ||     1
Dodge: Dodged            |    54 |   101 |    96 ||   251
